 Dungeon Crawl Stone Soup version 0.30-a0-800-g7c544603b3 (webtiles) character file.

Game seed: 18212411864210792813

19 sircluck the Sneak (level 2, 0/14 HPs)
             Began as a Felid Delver on Feb 22, 2023.
             Slain by a hound (5 damage)
             ... on level 5 of the Dungeon.
             The game lasted 00:00:23 (415 turns).

sircluck the Sneak (Felid Delver)                    Turns: 415, Time: 00:00:24

Health: 0/14       AC:  1    Str:  8    XL:     2   Next: 55%
Magic:  3/3        EV: 17    Int: 11    God:
Gold:   36         SH:  0    Dex: 17    Spells: 1/1 levels left
                                        Lives:  0   Deaths: 0

rFire   . . .      SeeInvis +      - Unarmed
rCold   . . .      Faith    .    (shield unavailable)
rNeg    . . .      Spirit   .    (body armour unavailable)
rPois   .          Reflect  .    (helmet unavailable)
rElec   .          Harm     .    (cloak unavailable)
rCorr   .          Rampage  .    (gloves unavailable)
Will    .....                    (boots unavailable)
Stlth   ++++                     (no amulet)
HPRegen 0.22/turn                (no ring)
MPRegen 0.08/turn                (no ring)

@: quick
A: very small, claws 1, fangs 3, see invisible, speed 1, shaggy fur 1, stealthy
paws, no weapons or thrown items, no armour, multi-lived
a: no special abilities


You were on level 5 of the Dungeon.
You visited 1 branch of the dungeon, and saw 1 of its levels.

You collected 36 gold pieces.

Inventory:

Wands
 e - a wand of digging (3)
Scrolls
 a - a scroll of fog
 b - a scroll of magic mapping
 c - a scroll of fear
 h - a scroll of vulnerability {unknown}
Potions
 d - 2 potions of haste
 f - a potion of experience {unknown}
 g - a potion of mutation {unknown}


   Skills:
 + Level 3.1 Fighting
 + Level 2.8 Dodging
 + Level 7.3 Stealth
 + Level 2.1 Unarmed Combat


You had one spell level left.
You didn't know any spells.
Your spell library was empty.

Dungeon Overview and Level Annotations

Branches:
Dungeon (5/15)
 Temple: D:4-7

Altars:


Innate Abilities, Weirdness & Mutations

You have sharp claws.
You have razor-sharp teeth.
You have supernaturally acute eyesight. (SInv)
You cover ground quickly. (Speed+)
You are covered in fur. (AC +1)
Your paws help you pounce on unaware monsters.
You are incapable of wielding weapons or throwing items.
You cannot wear armour.
You gain extra lives every three experience levels.


Message History

The hound bites you. The hound closely misses you.
You closely miss the hound.
The hound is lightly wounded.
The hound misses you.
You barely miss the hound.
The hound is lightly wounded.
The hound bites you. The hound misses you.
You are too injured to fight recklessly!
You are too injured to fight recklessly!
You are too injured to fight recklessly!
You are too injured to fight recklessly!
You are too injured to fight recklessly!
You are too injured to fight recklessly!
You are too injured to fight recklessly!
You are too injured to fight recklessly!
You are too injured to fight recklessly!
You are too injured to fight recklessly!
You are too injured to fight recklessly!
You are too injured to fight recklessly!
You are too injured to fight recklessly!
You are too injured to fight recklessly!
You are too injured to fight recklessly!
You are too injured to fight recklessly!
You are too injured to fight recklessly!
You scratch the hound but do no damage.
The hound is lightly wounded.
The hound closely misses you.
You scratch the hound but do no damage. You bite the hound, but do no damage.
The hound is lightly wounded.
The hound misses you. The hound bites you but does no damage.
You scratch the hound.
The hound is moderately wounded.
The hound bites you.
You scratch the hound.
The hound is heavily wounded.
The hound completely misses you.
You closely miss the hound. You bite the hound.
The hound is heavily wounded.
The hound bites you.
You die...

#.# #.#
#.####
####.#
##....#
#....#
..<.#.#
#....##
###.#.#
#.....#
#.#.#
##.##.##
#.#.#
###.##..#
#.#.#
#.......#
#.#.#
#.#n#@#.#
#.#.#
#...h...#
#.#.#
#...#.#.#.#
#.#.#
#.#..?....#
#...#
....#.#.#.#
#..##
..........#
###..#
.#.......##
#.#..#
#########
.....#


You could see a necrophage and a hound.

Vanquished Creatures
  2 adders (D:5)
  A quokka (D:5)
3 creatures vanquished.

Notes
Turn   | Place    | Note
-------+----------+-------------------------------------------
     0 | D:5      | sircluck the Felid Delver began the quest for the Orb.
     0 | D:5      | Reached XP level 1. HP: 10/10 MP: 2/2
   188 | D:5      | Reached skill level 7 in Stealth
   188 | D:5      | Reached XP level 2. HP: 12/14 MP: 3/3
   401 | D:5      | Noticed a necrophage
   415 | D:5      | Slain by a hound

Illustrated notes

Levels and vault maps discovered:
D:5:      layout_loops_ring, serial_glass, glass_columns_b, glass_columns_a,
          uniq_edmund, uniq_sigmund, uniq_ijyb

Skill      XL: |  1 |
---------------+----+-----
Stealth        | 7 |  7.3
Fighting       | |  3.1
Dodging        | |  2.8
Unarmed Combat | |  2.1

Action                     || total
---------------------------++-------
  Melee: Unarmed           ||    32
         Bite              ||     3
 Armour: Skin              ||     1
  Dodge: Dodged            ||    32

Table legend: (Time is in decaauts)
 A = Elapsed time spent in this place.
 B = Non-inter-level travel time spent in this place.
 C = Inter-level travel time spent in this place.
 D = Time resting spent in this place.
 E = Time spent auto-exploring this place.
 F = Levels seen in this place.
 G = Mean time per level.
                   A        B        C        D        E       F      G
               +--------+--------+--------+--------+--------+-----+--------+
         Total |    350 |    350 |      0 |      0 |    296 |   1 |  350.0 |
       Dungeon |    350 |    350 |      0 |      0 |    296 |   1 |  350.0 |
               +--------+--------+--------+--------+--------+-----+--------+

Top non-repeatable levels by time:
     D:5: 350 daAuts
